 Dungeon Crawl Stone Soup version 0.31-a0-819-gf6de2f5ab6 (webtiles) character file.

Game seed: 5860967863713544490

7570 demibob the Impaler (level 11, -28/78 HPs)
             Began as a Merfolk Chaos Knight on Sept 24, 2023.
             Was a Plaything of Xom.
             Annihilated by an orc knight
             ... wielding a +0 glaive
              (44 damage)
             ... in a bailey.
             The game lasted 00:08:27 (4104 turns).

demibob the Impaler (Merfolk Chaos Knight)          Turns: 4104, Time: 00:08:28

Health: -28/78     AC:  9    Str: 13    XL:     11   Next: 17%
Magic:  11/11      EV: 12    Int: 12    God:    Xom [...*..]
Gold:   400        SH:  0    Dex: 17    Spells: 10/10 levels left

rFire   . . .        k - +16 obsidian axe {drain, demonic, Mesm Drain Fly SInv}
rCold   . . .        (no shield)
rNeg    . . .        b - +2 leather armour
rPois   .            (no helmet)
rElec   .            (no cloak)
rCorr   .            h - +2 pair of gloves {Stlth+}
SInv    +            g - +0 pair of boots
Will    +....        e - amulet of regeneration
Stlth   ++           W - ring of willpower
HPRegen 1.13/turn    (no ring)
MPRegen 0.12/turn

%: clarity
@: flying, mesmerised, hasted, very quick
A: (nimble swimmer 2), mertail, clarity, noise suppression
a: Renounce Religion


You were in a bailey.
You worshipped Xom.
You were a favourite toy of Xom.
You visited 1 branch of the dungeon, and saw 7 of its levels.
You also visited: Bailey.

You collected 400 gold pieces.


Innate Abilities, Weirdness & Mutations

((You are very nimble when in or above water. (Stealth+, EV+, Speed+++)))
Your lower body shifts to a powerful aquatic tail in water.
You possess an exceptional clarity of mind.
You passively dampen the noise of your surroundings.


   Skills:
 - Level 4.6 Fighting
 + Level 10.9(12.5) Axes
 - Level 15.1(18.1) Polearms
 - Level 0.6 Armour
 - Level 2.6 Dodging


You had 10 spell levels left.
You didn't know any spells.
Your spell library contained the following spells:

 Spells                   Type           Power      Damage    Failure   Level
 Apportation              Tloc           0%         N/A       38%         1
 Ignite Poison            Fire/Tmut/Pois 0%         N/A       77%         3
 Animate Dead             Necr           0%         N/A       99%         4
 Fireball                 Conj/Fire      0%         3d3       100%        5
 Haunt                    Necr/Summ      0%         N/A       100%        7
 Infestation              Necr           0%         N/A       100%        8

Inventory:

Hand Weapons
 a - a +0 spear of chaos
 j - a +3 heavy spear
 k - the +16 obsidian axe (weapon) {drain, demonic, Mesm Drain Fly SInv}
   (You found it on level 4 of the Dungeon)

   Mesm:      Its wielder is mesmerised by any visible foes, and it cannot be
   unequipped while any foes are visible.
   SInv:      It lets you see invisible.
   Fly:       It grants you flight.
   Drain:     It drains your maximum health when unequipped.
Armour
 b - a +2 leather armour (worn)
 g - a +0 pair of boots (worn)
 h - a +2 pair of gloves of stealth (worn)
 u - +0 steam dragon scales
Magical Staves
 o - a staff of cold {!a}
 r - a staff of poison {!a}
Jewellery
 e - an amulet of regeneration (around neck)
 m - an amulet of guardian spirit
 M - a ring of magical power
 W - a ring of willpower (left hand)
Wands
 d - a wand of flame (22)
Scrolls
 c - 3 scrolls of identify {@r1}
 f - a scroll of vulnerability
 i - a scroll of revelation
Potions
 l - 4 potions of attraction
 n - 3 potions of enlightenment
 p - 6 potions of mutation {unknown}
 q - a potion of curing {unknown}
 s - 2 potions of invisibility {unknown}
 t - a potion of degeneration {unknown}
 w - 2 potions of magic
 x - a potion of might {unknown}
 z - a potion of brilliance {unknown}

Dungeon Overview and Level Annotations

Branches:
Dungeon (7/15)             Temple (0/1) D:4          Bailey (1/1)

Altars:

Annotations:
D:4 2 runed translucent doors

▒▒▒▒▒▒▒ ▒▒▒▒▒▒▒
▒▒.oo@.▒▒▒▒▒▒▒▒▒.....▒
+...o...▒.....▒.......
+..oo▒4.'.....'...▒▒..
+..oo...'.....'.)..8..
+....▒..'.....'.))▒▒..
+.......▒.....▒..)....
▒▒.....▒▒▒▒▒▒▒▒▒.)...▒
▒▒▒▒▒▒▒ ▒▒▒▒▒▒▒


You could see 2 orc knights, an orc warrior (strong, drained), 4 orcs and a
friendly rust devil (summoned).


Message History

Visions of slaying the orc flood into your mind.
You slash the orc knight!
The orc knight is lightly wounded.
You slash the orc!
You break out of your daze!
You kill the orc!
Visions of slaying the orc knight flood into your mind.
The orc hits you but does no damage.
The orc knight hits you from afar with a +0 halberd!
The orc knight completely misses you.
You hit the orc knight.
The orc knight is moderately wounded.
You slice the orc warrior!! You drain the orc warrior.
Visions of slaying the orc warrior flood into your mind.
The orc warrior hits you with a +0 war axe!
The orc barely misses you. The orc closely misses you.
The orc knight hits you from afar with a +0 halberd!!
* * * LOW HITPOINT WARNING * * *
The orc hits something but does no damage.
The orc misses you.
It was a potion of magic.
Magic courses through your body.
Visions of slaying the orc flood into your mind.
Okay, then.
The orc warrior closely misses you. The orc hits you but does no damage.
The orc knight hits you from afar with a +0 halberd!
* * * LOW HITPOINT WARNING * * *
The orc knight hits you from afar with a +0 glaive!!!
Ouch! That really hurt!
You die...
Xom bursts into laughter!

Skill      XL: |  1  2  3  4  5  6  7  8  9 10 |
---------------+-------------------------------+-----
Polearms       | 5 6 8 10 12 14 15 | 15.1
Axes           | 5 10 | 10.9
Fighting       | 4 |  4.6
Armour         | |  0.6
Dodging        | |  2.6

Action                     |  1- 3 |  4- 6 |  7- 9 | 10-12 || total
---------------------------+-------+-------+-------+-------++-------
  Melee: Spear             |   168 |   145 |   180 |       ||   493
         Punch             |     1 |       |     3 |       ||     4
         Broad axe         |       |       |    50 |    20 ||    70
  Evoke: Wand              |       |     1 |     2 |       ||     3
    Use: Scroll            |     5 |     2 |     4 |     2 ||    13
         Potion            |       |     4 |     1 |     3 ||     8
   Stab: Paralysed         |     3 |       |       |       ||     3
         Sleeping          |       |     3 |     6 |       ||     9
         Confused          |       |       |     3 |       ||     3
 Armour: Leather armour    |    55 |    61 |   112 |    31 ||   259
  Dodge: Dodged            |    66 |    45 |    90 |    38 ||   239

Levels and vault maps discovered:
D:1:      dpeg_arrival_connections, layout_basic, minmay_lizard_king
D:2:      layout_basic, serial_bayou_pond_b
D:3:      layout_loops_ring, dreamdust_princess_bridge, uniq_ijyb, uniq_sigmund,
          uniq_grinder
D:4:      layout_cave_pools, temple_hall, minmay_misc_feat_tower,
          minmay_hollow_rounded_squares, uniq_pikel
D:5:      layout_loops_cross, uniq_blork_the_orc
D:6:      layout_gridville, uniq_edmund
D:7:      layout_rooms, nicolae_wu_jian_wuxing_cycle, enter_bailey_1,
          centaur_isle
Bailey:   bailey_polearm_5, bailey

Notes
Turn   | Place    | Note
-------+----------+-------------------------------------------
     0 | D:1      | demibob the Merfolk Chaos Knight began the quest for the
                  | Orb.
     0 | D:1      | Reached XP level 1. HP: 18/18 MP: 1/1
    61 | D:1      | Reached XP level 2. HP: 18/24 MP: 2/2
   143 | D:1      | XOM: scenery: summon butterflies
   229 | D:1      | Reached skill level 5 in Polearms
   258 | D:1      | XOM: silly message
   310 | D:1      | Reached XP level 3. HP: 29/29 MP: 3/3
   530 | D:1      | Reached skill level 6 in Polearms
   958 | D:2      | XOM: give mutations
   958 | D:2      | Gained mutation: You passively dampen the noise of your
                  | surroundings. [Xom's mischief]
   958 | D:2      | Gained mutation: You possess an exceptional clarity of
                  | mind. [Xom's mischief]
  1073 | D:2      | Reached XP level 4. HP: 32/35 MP: 4/4
  1296 | D:3      | Reached skill level 7 in Polearms
  1438 | D:3      | XOM: god gift: pair of gloves {god gift}
  1501 | D:3      | Noticed Sigmund
  1534 | D:3      | Identified a potion of resistance
  1579 | D:3      | Killed Sigmund
  1580 | D:3      | Reached skill level 8 in Polearms
  1580 | D:3      | Reached XP level 5. HP: 41/41 MP: 5/5
  1580 | D:3      | Reached XP level 6. HP: 47/47 MP: 6/6
  1752 | D:3      | Noticed Ijyb
  1756 | D:3      | XOM: butterfly on damage
  1811 | D:4      | Reached skill level 9 in Polearms
  1851 | D:4      | Killed Ijyb
  1982 | D:3      | Noticed Grinder
  1998 | D:3      | Paralysed by Grinder for 5 turns
  2006 | D:3      | XOM: blink monster(s)
  2010 | D:3      | Killed Grinder
  2011 | D:3      | Reached skill level 10 in Polearms
  2011 | D:3      | Reached XP level 7. HP: 15/52 MP: 7/7
  2178 | D:4      | Found a large runed translucent door.
  2178 | D:4      | Found a large runed translucent door.
  2297 | D:4      | Found a large runed translucent door.
  2297 | D:4      | Found a large runed translucent door.
  2302 | D:4      | Found the +16 obsidian axe {drain, demonic, Mesm Drain Fly
                  | SInv}
  2311 | D:4      | Noticed Pikel
  2332 | D:4      | XOM: summons 1 hostile demon
  2340 | D:4      | Killed Pikel
  2341 | D:4      | Reached skill level 12 in Polearms
  2341 | D:4      | Reached XP level 8. HP: 31/58 MP: 8/8
  2400 | D:4      | a scorpion changed into a wyvern
  2400 | D:4      | Noticed a wyvern
  2400 | D:4      | XOM: polymorph scorpion -> wyvern
  2407 | D:4      | Killed a wyvern
  2408 | D:4      | Reached skill level 13 in Polearms
  2493 | D:4      | Reached skill level 14 in Polearms
  2588 | D:4      | Found a staircase to the Ecumenical Temple.
  2782 | D:4      | XOM: polymorph orc warrior -> ice beast
  2787 | D:4      | Reached XP level 9. HP: 56/64 MP: 9/9
  2803 | D:4      | Got an inconspicuous book
  2913 | D:4      | Reached skill level 15 in Polearms
  2968 | D:5      | Entered Level 5 of the Dungeon
  2970 | D:5      | XOM: silly message
  2978 | D:5      | Noticed Blork the orc
  2984 | D:5      | Killed Blork the orc
  2993 | D:5      | XOM: 1-stop teleportation journey
  3115 | D:5      | Reached skill level 1 in Axes
  3152 | D:5      | XOM: silly message
  3261 | D:5      | XOM: divination: magic mapping
  3266 | D:5      | Reached skill level 4 in Fighting
  3308 | D:5      | Reached skill level 2 in Axes
  3451 | D:5      | XOM: noise
  3754 | D:6      | Reached skill level 3 in Axes
  3808 | D:6      | Noticed a two-headed ogre
  3809 | D:6      | Noticed Edmund
  3811 | D:6      | XOM: confuse monster(s)
  3813 | D:6      | Killed Edmund
  3818 | D:6      | Killed a two-headed ogre
  3819 | D:6      | Reached skill level 5 in Axes
  3918 | D:7      | Reached XP level 10. HP: 57/73 MP: 10/10
  3921 | D:7      | Reached skill level 6 in Axes
  3960 | D:7      | Found a flagged portal.
  3970 | Bailey   | Entered a bailey
  4068 | Bailey   | XOM: polymorph orange demon -> rust devil
  4079 | Bailey   | Reached skill level 10 in Axes
  4079 | Bailey   | Reached XP level 11. HP: 78/78 MP: 11/11
  4096 | Bailey   | Noticed an orc knight
  4098 | Bailey   | Identified a +0 crystal plate armour
  4098 | Bailey   | Noticed an orc knight
  4104 | Bailey   | Annihilated by an orc knight

Vanquished Creatures
  A two-headed ogre (D:6)
  Pikel (D:4)
  Grinder (D:3)
  Sigmund (D:3)
  A wyvern (D:4)
  A steam dragon (D:7)
  Edmund (D:6)
  A water moccasin (D:7)
  2 orc warriors (Bailey)
  2 ice beasts (D:4)
  4 black bears
  2 phantoms
  Blork the orc (D:5)
  3 scorpions
  4 hounds
  5 orc priests
  Ijyb (D:4)
  3 iguanas
  3 orc wizards
  4 gnolls (D:3)
  6 adders
  A worm (D:4)
  3 dart slugs
  32 orcs
  6 endoplasms
  8 giant cockroaches
  9 goblins
  10 hobgoblins
  5 jackals
  6 quokkas
  13 ball pythons
  5 bats
  14 frilled lizards
  7 kobolds
  6 rats
173 creatures vanquished.

Vanquished Creatures (collateral kills)
  A bullfrog (D:6)
  A hound (D:6)
  An iguana (D:5)
3 creatures vanquished.

Grand Total: 176 creatures vanquished

Table legend: (Time is in decaauts)
 A = Elapsed time spent in this place.
 B = Non-inter-level travel time spent in this place.
 C = Inter-level travel time spent in this place.
 D = Time resting spent in this place.
 E = Time spent auto-exploring this place.
 F = Levels seen in this place.
 G = Mean time per level.
                   A        B        C        D        E       F      G
               +--------+--------+--------+--------+--------+-----+--------+
         Total |   3958 |   3844 |    114 |    139 |   2655 |   8 |  494.8 |
       Dungeon |   3825 |   3711 |    114 |     94 |   2611 |   7 |  546.4 |
        Bailey |    133 |    133 |      0 |     45 |     44 |   1 |  133.0 |
               +--------+--------+--------+--------+--------+-----+--------+

Top non-repeatable levels by time:
     D:4: 842 daAuts
     D:1: 743 daAuts
     D:3: 735 daAuts
     D:5: 660 daAuts
     D:2: 488 daAuts
     D:6: 291 daAuts
  Bailey: 133 daAuts
     D:7: 64 daAuts

Table legend:
 A = Non-vault XP
 B = Vault XP
 C = Vault XP percentage of total XP
 D = Non-vault monster count
 E = Vault monster count
 F = Vault count percentage of total count
                 A         B        C        D         E       F
            +---------+---------+-------+---------+---------+-------
      Total |    3072 |    2373 |  43.6 |     128 |      48 |  27.3
            +---------+---------+-------+---------+---------+-------
        D:1 |      55 |       9 |  14.1 |      33 |       9 |  21.4
        D:2 |      26 |       5 |  16.1 |      16 |       3 |  15.8
        D:3 |     133 |     482 |  78.4 |      18 |       2 |  10.0
        D:4 |     575 |    1321 |  69.7 |      32 |      16 |  33.3
        D:5 |     556 |      91 |  14.1 |      14 |       1 |   6.7
        D:6 |    1160 |     157 |  11.9 |      11 |       1 |   8.3
        D:7 |     567 |       0 |   0.0 |       4 |       0 |   0.0
     Bailey |       0 |     308 | 100.0 |       0 |      16 | 100.0
            +---------+---------+-------+---------+---------+-------
